General information
- name: BNet
- type: Ladder team game (AT/RT)
- host: Battle.net
- saver: TALONSAREIMBA
map: Deadlock
- players: 8
- length: 09:21
- speed: Fast
- version: 1.24 W3XP
- replay type: Public
» download(75 KB)
Players
team 1 (winner)

»
rockycloud (
orange | 91 APM | 855 actions | 09:21)
1 Death Knight
1 Death Coil
1 Lich
1 Frost Nova
» actions
| Assign group hotkey | 12 | |
| Build / train | 31 | |
| Enter build submenu | 11 | |
| Enter hero's abilities submenu | 2 | |
| Right click | 397 | |
| Select / deselect | 248 | |
| Select group hotkey | 129 | |
| Use ability | 25 | |
855 total
» units
| Acolyte | 3 | |
| Ghoul | 2 | |
| Crypt Fiend | 8 | |
13 total
» upgrades
| Creature Attack | 1 | |
| Creature Carapace | 1 | |
| Web | 1 | |
3 total
» buildings
| Crypt | 1 | |
| Graveyard | 1 | |
| Ziggurat | 3 | |
| Altar of Darkness | 1 | |
| Tomb of Relics | 1 | |
| Nerubian Tower | 1 | |
| Halls of the Dead | 1 | |
9 total
» build order
00:08 Crypt
00:12 Graveyard
00:41 Ziggurat
01:04 Altar of Darkness
02:00 Ziggurat
02:16 Tomb of Relics
02:41 Nerubian Tower
03:03 Ziggurat
04:26 Halls of the Dead
» items
| Rod of Necromancy | 2 | |
| Dust of Appearance | 2 | |
| Sacrificial Skull | 1 | |
| Potion of Healing | 1 | |
6 total

»
DanceHall (
red | 50 APM | 472 actions | 09:21)
2 Warden
1 Shadow Strike
1 Blink
» actions
| Assign group hotkey | 14 | |
| Basic commands | 21 | |
| Build / train | 28 | |
| ESC pressed | 3 | |
| Enter build submenu | 10 | |
| Enter hero's abilities submenu | 2 | |
| Right click | 152 | |
| Select / deselect | 111 | |
| Select group hotkey | 108 | |
| Use ability | 23 | |
472 total
» units
| Wisp | 12 | |
| Archer | 2 | |
| Glaive Thrower | 3 | |
| Dryad | 4 | |
21 total
» upgrades
» buildings
| Altar of Elders | 1 | |
| Moon Well | 4 | |
| Ancient of War | 1 | |
| Hunter's Hall | 1 | |
| Tree of Ages | 1 | |
| Ancient of Lore | 2 | |
| Tree of Eternity | 1 | |
11 total
» build order
00:06 Altar of Elders
00:08 Moon Well
01:04 Ancient of War
01:42 Moon Well
02:14 Hunter's Hall
02:40 Moon Well
03:22 Tree of Ages
05:03 Moon Well
05:44 Ancient of Lore
05:46 Ancient of Lore
06:34 Tree of Eternity

»
apayne (
pink | 59 APM | 552 actions | 09:21)
3 Archmage
2 Blizzard
1 Brilliance Aura
2 Blood Mage
1 Flame Strike
1 Siphon Mana
» actions
| Assign group hotkey | 14 | |
| Build / train | 28 | |
| Enter build submenu | 15 | |
| Enter hero's abilities submenu | 5 | |
| Right click | 215 | |
| Select / deselect | 250 | |
| Select group hotkey | 3 | |
| Use ability | 21 | |
552 total
» units
| Peasant | 8 | |
| Rifleman | 7 | |
| Centaur Outrunner | 1 | |
16 total
» upgrades
» buildings
| Farm | 7 | |
| Lumber Mill | 1 | |
| Barracks | 1 | |
| Blacksmith | 1 | |
| Altar of Kings | 1 | |
| Arcane Vault | 1 | |
| Keep | 1 | |
| Workshop | 1 | |
14 total
» build order
00:13 Farm
00:19 Lumber Mill
00:48 Farm
01:33 Barracks
01:38 Blacksmith
01:46 Altar of Kings
02:08 Farm
02:18 Arcane Vault
03:02 Farm
03:39 Keep
03:59 Farm
04:51 Farm
06:50 Workshop
07:41 Farm
» items
metalpumperbear (
teal | 36 APM | 334 actions | 09:21)
1 Shadow Hunter
1 Healing Wave
1 Dark Ranger
1 Black Arrow
» actions
| Assign group hotkey | 3 | |
| Basic commands | 53 | |
| Build / train | 15 | |
| Enter build submenu | 11 | |
| Enter hero's abilities submenu | 2 | |
| Right click | 136 | |
| Select / deselect | 93 | |
| Select group hotkey | 10 | |
| Use ability | 11 | |
334 total
» units
» buildings
| Orc Burrow | 3 | |
| Altar of Storms | 1 | |
| War Mill | 1 | |
| Barracks | 3 | |
| Stronghold | 1 | |
| Spirit Lodge | 1 | |
| Fortress | 1 | |
11 total
» build order
00:06 Orc Burrow
00:11 Altar of Storms
01:06 War Mill
01:30 Orc Burrow
01:53 Barracks
02:00 Barracks
02:46 Barracks
03:04 Stronghold
03:21 Orc Burrow
06:46 Spirit Lodge
07:12 Fortress
team 2 (loser)

»
ISeePinkOrcs (
yellow | 51 APM | 477 actions | 09:21)
3 Paladin
1 Holy Light
2 Devotion Aura
» actions
| Assign group hotkey | 8 | |
| Basic commands | 2 | |
| Build / train | 28 | |
| Enter build submenu | 13 | |
| Enter hero's abilities submenu | 3 | |
| Right click | 143 | |
| Select / deselect | 81 | |
| Select group hotkey | 172 | |
| Use ability | 27 | |
477 total
» units
» upgrades
| Gunpowder | 2 | |
| Armor | 1 | |
| Long Rifles | 1 | |
4 total
» buildings
| Farm | 5 | |
| Altar of Kings | 1 | |
| Barracks | 1 | |
| Blacksmith | 1 | |
| Lumber Mill | 1 | |
| Arcane Vault | 1 | |
| Keep | 1 | |
| Workshop | 1 | |
12 total
» build order
00:06 Farm
00:11 Altar of Kings
00:45 Farm
01:20 Barracks
01:43 Blacksmith
02:11 Farm
02:27 Lumber Mill
02:56 Arcane Vault
03:02 Farm
03:44 Farm
04:38 Keep
07:48 Workshop
» items

»
TALONSAREIMBA (
purple | 148 APM | 1387 actions | 09:21)
3 Far Seer
2 Feral Spirit
1 Chain Lighting
1 Shadow Hunter
1 Hex
» actions
| Assign group hotkey | 21 | |
| Basic commands | 50 | |
| Build / train | 25 | |
| ESC pressed | 2 | |
| Enter build submenu | 11 | |
| Enter hero's abilities submenu | 4 | |
| Right click | 710 | |
| Select / deselect | 284 | |
| Select group hotkey | 241 | |
| Use ability | 39 | |
1387 total
» units
» buildings
| Altar of Storms | 1 | |
| Orc Burrow | 3 | |
| Barracks | 1 | |
| Voodoo Lounge | 2 | |
| Great Hall | 2 | |
| Stronghold | 1 | |
| War Mill | 1 | |
11 total
» build order
00:03 Altar of Storms
00:05 Orc Burrow
00:23 Barracks
01:43 Orc Burrow
01:55 Voodoo Lounge
03:39 Great Hall
04:06 Stronghold
04:25 War Mill
05:29 Great Hall
05:47 Orc Burrow
08:43 Voodoo Lounge
» items
| Healing Salve | 2 | |
| Lesser Clarity Potion | 1 | |
| Scroll of Town Portal | 1 | |
4 total

»
NagaKhan (
green | 84 APM | 785 actions | 09:21)
2 Priestess of the Moon
1 Scout
1 Trueshot Aura
» actions
| Assign group hotkey | 23 | |
| Basic commands | 47 | |
| Build / train | 44 | |
| ESC pressed | 4 | |
| Enter build submenu | 17 | |
| Enter hero's abilities submenu | 2 | |
| Right click | 352 | |
| Select / deselect | 128 | |
| Select group hotkey | 135 | |
| Use ability | 33 | |
785 total
» units
| Wisp | 25 | |
| Archer | 3 | |
| Huntress | 3 | |
| Druid of the Talon | 3 | |
34 total
» buildings
| Ancient of War | 2 | |
| Moon Well | 6 | |
| Altar of Elders | 1 | |
| Tree of Ages | 3 | |
| Hunter's Hall | 1 | |
| Tree of Eternity | 3 | |
| Tree of Life | 1 | |
| Ancient of Wind | 2 | |
| Chimaera Roost | 2 | |
21 total
» build order
00:16 Ancient of War
00:24 Moon Well
00:57 Altar of Elders
01:56 Moon Well
02:43 Tree of Ages
02:44 Tree of Ages
02:44 Tree of Ages
03:13 Hunter's Hall
03:51 Moon Well
03:54 Ancient of War
04:42 Moon Well
05:11 Tree of Eternity
05:11 Tree of Eternity
06:05 Tree of Life
06:25 Ancient of Wind
06:29 Ancient of Wind
07:48 Moon Well
07:51 Moon Well
08:55 Chimaera Roost
08:55 Chimaera Roost

»
Snapdragon (
blue | 26 APM | 247 actions | 09:21)
3 Lich
2 Frost Armor
1 Frost Nova
» actions
| Assign group hotkey | 11 | |
| Basic commands | 45 | |
| Build / train | 26 | |
| Enter build submenu | 11 | |
| Enter hero's abilities submenu | 3 | |
| Right click | 28 | |
| Select / deselect | 88 | |
| Select group hotkey | 17 | |
| Use ability | 18 | |
247 total
» units
| Acolyte | 5 | |
| Ghoul | 9 | |
| Crypt Fiend | 1 | |
| Gargoyle | 1 | |
| Obsidian Statue | 1 | |
17 total
» upgrades
| Unholy Armor | 1 | |
| Unholy Strength | 1 | |
2 total
» buildings
| Crypt | 1 | |
| Altar of Darkness | 1 | |
| Ziggurat | 3 | |
| Graveyard | 1 | |
| Halls of the Dead | 1 | |
| Nerubian Tower | 1 | |
| Slaughterhouse | 1 | |
| Sacrificial Pit | 1 | |
| Tomb of Relics | 1 | |
| Black Citadel | 1 | |
12 total
» build order
00:27 Crypt
00:33 Altar of Darkness
00:41 Ziggurat
01:04 Graveyard
01:31 Ziggurat
02:49 Halls of the Dead
03:15 Ziggurat
05:01 Nerubian Tower
05:26 Slaughterhouse
05:35 Sacrificial Pit
06:46 Tomb of Relics
07:21 Black Citadel
Chat log
(00:12 / Allies) ISeePinkOrcs: rifle
(00:26 / Allies) ISeePinkOrcs: pally
(00:31 / Allies) ISeePinkOrcs: mk
(00:37 / Allies) NagaKhan: husnts potm to Dott chims and faeries
(01:14 / Allies) Snapdragon: purp you melee?
(03:33 / Allies) Snapdragon: ah
(03:35 / Allies) NagaKhan: pink rushing
(04:09 / Allies) NagaKhan: teal teching
(05:40 / Allies) TALONSAREIMBA: oj maphacks rofl
(07:07 / Allies) TALONSAREIMBA: 3
(07:07 / Allies) NagaKhan: wow cunts
(07:20 / Allies) ISeePinkOrcs: wow yes...they want to win
(07:26 / Allies) NagaKhan: lol true
(07:33 / Allies) ISeePinkOrcs: ready to tp
(07:56 / Allies) ISeePinkOrcs: coming
(08:01 / Allies) ISeePinkOrcs: tp
(08:08 / Allies) NagaKhan: bad base build
(08:31 / All) apayne: gg